 Dungeon Crawl Stone Soup version 0.25-a0-105-g2289b3b9f1 (console) character file.

Game seed: 8886227597386847728, levelgen mode: deterministic

16 Kagalorn the Skirmisher (level 2, 26/26 HPs)
             Began as a Centaur Fighter on Nov 16, 2019.
             Quit the game on level 1 of the Dungeon.
             The game lasted 00:01:41 (649 turns).

Kagalorn the Skirmisher (Centaur Fighter)            Turns: 649, Time: 00:01:42

Health: 26/26      AC:  6    Str: 18    XL:     2   Next: 41%
Magic:  2/2        EV:  5    Int:  7    God:
Gold:   29         SH:  8    Dex:  8    Spells: 1/1 levels left

rFire    . . .     SeeInvis .   a - +0 trident
rCold    . . .     Gourm    .   c - +0 shield
rNeg     . . .     Faith    .   b - +0 scale mail
rPois    .         Spirit   .   (no helmet)
rElec    .         Reflect  .   (no cloak)
rCorr    .         Harm     .   (no gloves)
MR       .....                  (no barding)
Stlth    ..........             (no amulet)
HPRegen  0.08/turn              (no ring)
MPRegen  0.08/turn              (no ring)

@: very quick
A: large, hooves 3, deformed body, speed 2, tough skin 3
a: no special abilities


You were on level 1 of the Dungeon.
You were not hungry.

You visited 1 branch of the dungeon, and saw 1 of its levels.

You collected 29 gold pieces.

Inventory:

Hand Weapons
 a - a +0 trident (weapon)
Missiles
 j - 2 throwing nets (quivered)
Armour
 b - a +0 scale mail (worn)
 c - a +0 shield (worn)
Jewellery
 i - a cursed -2 ring of strength {unknown}
Scrolls
 e - a scroll of teleportation {unknown}
 h - a scroll of identify {unknown}
Potions
 d - a potion of might
 g - 3 potions of flight {unknown}
 k - a potion of curing {unknown}
Comestibles
 f - a ration


   Skills:
 - Level 3.0 Fighting
 + Level 2.1 Polearms
 - Level 2.1 Armour
 + Level 2.6 Shields


You had one spell level left.
You didn't know any spells.
Your spell library was empty.

Dungeon Overview and Level Annotations

Branches:
Dungeon (1/15)

Altars:


Innate Abilities, Weirdness & Mutations

You have hooves in place of feet.
Armour fits poorly on your strangely shaped body.
You cover ground very quickly.
You have extremely tough skin. (AC +3)


Message History

A bat is nearby!
The bat hits you but does no damage. x2
The bat hits you but does no damage. The bat hits you but does no damage.
The bat hits you but does no damage. You block the bat's attack.
You barely miss the bat. You block the bat's attack.
The bat hits you but does no damage.
You closely miss the bat. The bat hits you but does no damage.
You closely miss the bat. The bat hits you but does no damage.
The bat barely misses you. The bat hits you but does no damage.
There is a stone staircase leading down here.
You hit the bat. You kick the bat.
You kill the bat!
You see here a bat corpse.
Done exploring.
Quiver which item? (- for none, * to show all) (? for menu, Esc to quit)
Okay, then.
Are you sure you want to abandon this character and quit the game? (Confirm with "yes".)

####### ########
......# #......#
......# #.####.#
......# #.# #.#
......# #.# #@#
......#####.####.#
............†>...#
###..........#####
#..........#
#..........#
#..........#
#..........#
#..........#


There were no monsters in sight!

Vanquished Creatures
  An ooze (D:1)
  3 goblins (D:1)
  4 hobgoblins (D:1)
  2 bats (D:1)
  A rat (D:1)
11 creatures vanquished.

Notes
Turn   | Place    | Note
-------+----------+-------------------------------------------
     0 | D:1      | Kagalorn the Centaur Fighter began the quest for the Orb.
     0 | D:1      | Reached XP level 1. HP: 19/19 MP: 1/1
   133 | D:1      | Reached XP level 2. HP: 19/26 MP: 2/2
   649 | D:1      | Quit the game

Levels and vault maps discovered:
D:1:      minmay_arrival_five_plusses, layout_basic

Skill      XL: |  1 |
---------------+----+-----
Polearms       | 2 |  2.1
Fighting       | |  3.0
Armour         | |  2.1
Shields        | |  2.6

Action                   || total
-------------------------++-------
Melee: Trident           ||    30
       Kick              ||     4
Armor: Scale mail        ||    17
Dodge: Dodged            ||     4
Block: Shield            ||     4

Table legend:
 A = Non-vault XP
 B = Vault XP
 C = Vault XP percentage of total XP
 D = Non-vault monster count
 E = Vault monster count
 F = Vault count percentage of total count
                 A         B        C        D         E       F
            +---------+---------+-------+---------+---------+-------
      Total |      24 |       0 |   0.0 |      11 |       0 |   0.0
            +---------+---------+-------+---------+---------+-------
        D:1 |      24 |       0 |   0.0 |      11 |       0 |   0.0
            +---------+---------+-------+---------+---------+-------
